Map: Thunderbird LE

Players

sirzb

  • Race: Terran Terran
  • League: Gold
  • Spawn Location: 11:00

pHARM - Winner!

  • Race: Zerg Zerg
  • League: Platinum
  • Spawn Location: 5:00

VOD

Have the link to the VOD?

Description

Time

  • Played on: Oct. 5, 2019, 3:16 p.m.
  • Length: 27:32
Show
View Real Time Build Order
Export as new Build Order

sirzb Terran 

Build Orders:  

Get SALT Encoding   

  12  0:00  SCV  
  13  0:13  SCV  
  14  0:17  Supply Depot  
  14  0:25  SCV  
  15  0:38  SCV  
  15  0:40  Barracks  
  16  0:48  Refinery  
  16  0:50  SCV  
  17  1:02  SCV  
  18  1:14  SCV  
  19  1:27  SCV  
  20  1:33  Reaper  
  20  1:36  Command Center  
  21  1:41  SCV  
  21  1:43  Refinery  
  22  1:53  SCV, Supply Depot  
  23  2:08  Orbital Command  
  23  2:15  Barracks Reactor  
  23  2:22  Factory  
  23  2:35  SCV  
  23  2:36  Supply Depot  
  24  2:54  SCV  
  24  2:55  Orbital Command  
  25  3:06  Marine x2, SCV  
  25  3:07  Factory Tech Lab  
  25  3:10  Starport  
  28  3:18  SCV  
  29  3:30  SCV  
  29  3:31  Marine x2  
  32  3:35  SCV  
  32  3:36  Supply Depot  
  33  3:42  SCV  
  34  3:51  Command Center  
  34  3:52  SCV  
  34  3:54  SCV  
  36  4:01  Supply Depot  
  36  4:04  SCV  
  36  4:06  Marine x2, SCV  
  36  4:07  Supply Depot  
  36  4:08  Siege Tank  
  43  4:10  Starport Tech Lab  
  43  4:21  SCV x2  
  43  4:23  Refinery  
  45  4:33  Marine x2, SCV x2, Refinery  
  49  4:45  SCV x2  
  49  4:47  Starport  
  49  4:49  Barracks  
  49  4:51  Marine x2  
  53  4:57  SCV  
  53  4:58  SCV  
  55  5:02  Siege Tank  
  55  5:05  Orbital Command  
  58  5:09  Marine x2  
  58  5:10  SCV x2  
  62  5:22  SCV x2  
  62  5:27  Marine x2  
  66  5:32  Starport Tech Lab  
  66  5:34  SCV x2  
  66  5:35  SCV  
  69  5:44  Barracks Tech Lab  
  69  5:46  SCV, Engineering Bay  
  69  5:48  Engineering Bay  
  70  5:52  Barracks  
  70  5:53  Barracks  
  70  5:56  SCV x2  
  72  6:07  Banshee x2  
  72  6:09  Cloaking Field  
  78  6:11  Hyperflight Rotors  
  78  6:12  Marine x2  
  78  6:15  Orbital Command  
  80  6:29  Supply Depot  
  80  6:30  Command Center  
  80  6:31  Supply Depot  
  80  6:33  SCV x2  
  80  6:34  Marine x2  
  80  6:38  Supply Depot  
  84  6:42  Barracks Reactor  
  84  6:43  Barracks Tech Lab  
  84  6:45  SCV x3  
  87  6:53  Refinery  
  87  6:57  Refinery  
  87  7:02  Supply Depot  
  87  7:03  Marine x3  
  87  7:04  Marine, Supply Depot  
  87  7:05  Siege Tank  
  94  7:16  Banshee x2  
  94  7:21  Combat Shield, Starport  
  100  7:23  Marine x2, Stimpack  
  100  7:24  Marine x3  
  105  7:30  Terran Infantry Armor Level 1, Terran Infantry Weapons Level 1  
  105  7:40  SCV x3  
  108  7:45  Factory  
  108  7:46  Marine  
  108  7:47  Marine x2  
  108  7:48  Marine x3  
  108  7:50  Armory  
  114  7:52  Orbital Command, Armory  
  114  7:54  SCV x2  
  114  7:55  SCV  
  117  8:04  Marine x2, Sensor Tower  
  117  8:05  Marine x2  
  119  8:07  Banshee  
  119  8:09  Raven  
  119  8:10  SCV x3  
  129  8:30  Factory Tech Lab  
  129  8:31  Starport Reactor  
  129  8:36  SCV x4  
  129  8:38  Ghost Academy  
  133  8:43  Fusion Core  
  133  8:54  Corvid Reactor  
  133  8:55  SCV x3  
  135  8:56  SCV  
  135  9:01  Terran Vehicle And Ship Armor Level 1  
  137  9:03  Terran Ship Weapons Level 1  
  137  9:05  Marine x2  
  137  9:07  SCV  
  137  9:08  SCV x2  
  137  9:09  Drilling Claws  
  142  9:10  Marine x4  
  142  9:13  Orbital Command  
  146  9:21  Armory  
  146  9:24  Marine  
  146  9:25  Marine  
  146  9:26  Command Center  
  148  9:34  Personal Cloaking  
  148  9:35  Marine x3, Medivac, Siege Tank x2, Marauder  
  148  9:36  Supply Depot x2  
  148  9:38  Supply Depot  
  161  9:43  SCV x3  
  164  9:49  Supply Depot  
  164  9:55  Refinery x2  
  164  9:56  Liberator  
  164  9:57  SCV, Medivac  
  169  10:00  SCV x3  
  172  10:07  Supply Depot  
  172  10:09  Supply Depot  
  172  10:12  Advanced Ballistics  
  173  10:27  Supply Depot  
  173  10:28  Marine x4  
  175  10:30  Siege Tank x2  
  183  10:58  Marine x3  
  186  11:06  Marine x2  
  186  11:07  Command Center  
  186  11:08  Banshee x2  
  196  11:16  Marine x3  
  138  11:24  Marine  
  138  11:28  Siege Tank  
  126  11:33  Orbital Command  
  126  11:34  Marine x3  
  126  11:37  Liberator x2  
  126  11:38  Unknown  
  131  11:41  Barracks  
  131  11:42  Marine  
  132  11:51  Marine x2, Barracks  
  132  11:52  Marine  
  132  11:53  Unknown  
  137  11:55  Medivac x2  
  137  11:58  SCV  
  137  11:59  SCV x3  
  137  12:00  Marine, SCV  
  153  12:03  Barracks x2  
  153  12:06  Marine, Unknown  
  154  12:09  Marine x3, Barracks  
  154  12:11  Barracks  
  154  12:14  Barracks  
  157  12:17  Marine  
  157  12:20  Liberator x2  
  157  12:21  Marine, Unknown  
  144  12:24  Marine  
  144  12:27  Marine x3  
  144  12:29  Medivac x2  
  152  12:34  Siege Tank x2  
  152  12:35  Marine  
  159  12:39  Marine  
  159  12:42  Marine, SCV x3  
  159  12:43  SCV x2  
  172  12:45  Marine x3  
  172  12:46  Orbital Command, Refinery  
  175  12:53  Marine  
  175  12:54  SCV x2  
  175  12:55  SCV x3  
  175  12:57  Marine  
  182  13:03  Marine x3  
  187  13:06  SCV  
  187  13:08  SCV x2  
  187  13:09  SCV x2, Refinery  
  187  13:11  Marine  
  193  13:13  Terran Infantry Armor Level 2, Terran Infantry Weapons Level 2  
  193  13:14  Terran Vehicle And Ship Armor Level 2, Terran Ship Weapons Level 2  
  192  13:20  Marine  
  192  13:21  Marine x2  
  192  13:25  Barracks Tech Lab  
  192  13:26  Barracks Tech Lab x2  
  195  13:28  Marine, Unknown  
  195  13:29  Marine, Barracks Tech Lab x2  
  194  13:36  Barracks Tech Lab  
  194  13:38  Marine x3  
  195  13:43  Marine, Unknown  
  195  13:48  Marine x2  
  190  14:10  SCV x3  
  190  14:11  Marine  
  190  14:14  Missile Turret  
  200  14:17  Missile Turret x2  
  200  14:30  Barracks Tech Lab  
  197  14:39  Unknown x3  
  197  14:47  Marine x3  
  200  15:01  Missile Turret  
  200  15:07  Missile Turret x2  
  200  15:11  Supply Depot  
  200  15:13  Missile Turret  
  200  15:20  Terran Vehicle Weapons Level 1  
  200  15:25  Ghost Academy  
  200  15:27  Concussive Shells  
  200  15:29  Supply Depot  
  200  15:35  Nuke, Ghost Academy  
  200  15:54  Supply Depot  
  200  15:56  Supply Depot  
  200  15:57  Supply Depot  
  200  16:01  Terran Infantry Armor Level 3, Terran Infantry Weapons Level 3, Missile Turret  
  200  16:04  Terran Ship Weapons Level 3  
  200  16:07  Terran Vehicle And Ship Armor Level 3  
  196  16:23  Missile Turret  
  196  16:41  Unknown  
  187  17:02  Marine  
  187  17:03  Marine x6  
  127  17:08  Marine  
  127  17:15  Liberator x2  
  110  17:17  Siege Tank x2  
  110  17:20  Marine x3  
  110  17:21  Marine x4  
  123  17:26  Marine  
  101  17:32  Medivac x2  
  108  17:38  Marine x4  
  124  17:49  Siege Tank x2  
  136  17:56  Marine x4  
  128  18:07  Marine x2, Unknown x2  
  128  18:08  Unknown  
  128  18:09  Marine x2, Unknown  
  128  18:10  Marine, Unknown x2  
  135  18:12  Marine x2  
  135  18:13  Marine, Unknown x3  
  135  18:14  Marine x4  
  135  18:16  SCV  
  143  18:21  Siege Tank x2  
  143  18:23  Supply Depot  
  143  18:25  Marine x2, Supply Depot  
  148  18:27  Marine x3  
  148  18:30  Marine x3  
  148  18:31  Marine  
  148  18:32  Marine x2  
  157  18:36  Unknown  
  159  18:43  Marine, Medivac x2  
  159  18:45  Marine  
  159  18:48  Marine  
  173  18:53  Siege Tank  
  179  19:04  Unknown  
  179  19:10  Command Center  
  179  19:12  SCV x4, Unknown x2  
  179  19:13  Refinery  
  179  19:14  Unknown x2  
  183  19:17  Unknown  
  183  19:18  Thor  
  189  19:25  Thor  
  195  19:37  Orbital Command  
  195  19:40  Neosteel Armor  
  195  19:45  Missile Turret  
  195  20:06  Missile Turret  
  195  20:24  Missile Turret  
  199  20:30  Missile Turret  
  199  20:34  SCV  
  200  20:37  Nuke x2  
  200  20:51  Unknown x2  
  200  20:52  Refinery  
  200  20:55  Missile Turret  
  200  20:56  Command Center  
  200  20:57  Missile Turret  
  200  20:59  Refinery, Missile Turret  
  200  21:33  Hi-Sec Auto Tracking  
  200  21:34  Terran Vehicle Weapons Level 2  
  200  21:48  Unknown x2  
  200  21:50  Refinery  
  200  22:09  Supply Depot x3  
  200  22:11  Supply Depot  
  200  22:13  Supply Depot  
  200  22:14  Command Center, Supply Depot  
  200  22:16  Supply Depot  
  200  22:33  Supply Depot  
  200  22:41  Missile Turret  
  200  22:49  Marine x2, Liberator x3  
  200  22:50  Marine x2  
  159  22:54  Marine x3  
  159  22:55  Marine x6  
  159  22:58  Supply Depot  
  108  23:02  Liberator  
  108  23:05  Missile Turret  
  104  23:07  Marine x3  
  104  23:08  Marine  
  104  23:12  Marine x4  
  112  23:13  Marine x3  
  112  23:17  Siege Tank  
  112  23:18  Siege Tank  
  128  23:22  Supply Depot  
  128  23:25  Marine x4  
  131  23:30  Marine x3  
  131  23:31  Marine  
  106  23:42  Marine x2, Unknown x2  
  106  23:43  Marine x4  
  106  23:48  Marine x4  
  103  23:49  Viking  
  103  23:50  Siege Tank  
  110  23:59  Marine, Unknown x3  
  114  24:08  Viking x2  
  98  24:19  Marine x2, Refinery  
  98  24:28  Unknown x2  
  89  24:32  Marine x6  
  89  24:33  Marine x2  
  89  24:34  Viking x2  
  89  24:38  Viking  
  101  24:39  Marine x3  
  101  24:45  Marine x2  
  99  24:50  Marine x6  
  104  24:52  Marine  
  104  24:57  Planetary Fortress  
  105  25:07  Supply Depot  
  105  25:10  Supply Depot  
  105  25:12  SCV x3  
  105  25:13  Supply Depot  
  108  25:14  Orbital Command  
  108  25:15  Viking x3  
  108  25:17  Supply Depot  
  108  25:19  Supply Depot  
  114  25:22  Command Center  
  107  25:33  Supply Depot  
  107  25:35  Supply Depot  
  101  25:46  Marine  
  100  26:01  SCV x3  
  96  26:10  Marine x3  
  98  26:12  SCV  
  98  26:13  SCV x2  
  98  26:14  SCV  
  102  26:21  Marine x4  
  102  26:24  SCV  
  90  26:25  SCV  
  90  26:30  Marine x2  
  63  26:49  Marine x6  
  63  26:50  Marine  
  50  26:56  Marine x2  
Show
View Real Time Build Order
Export as new Build Order

pHARM Zerg - Winner!

Build Orders: Hatch First 

Get SALT Encoding   

  12  0:01  Drone  
  13  0:16  Overlord  
  13  0:18  Drone  
  14  0:34  Drone x2  
  16  0:52  Drone  
  16  0:56  Hatchery  
  16  1:09  Spawning Pool  
  16  1:10  Drone  
  16  1:14  Drone  
  17  1:21  Drone  
  17  1:24  Drone  
  19  1:36  Drone  
  20  1:44  Overlord  
  20  1:48  Extractor  
  19  1:54  Drone  
  19  1:55  Queen  
  22  2:05  Zergling x2  
  23  2:10  Queen  
  23  2:11  Drone  
  26  2:30  Drone x4  
  30  2:43  Drone x2  
  32  2:54  Queen  
  32  2:56  Drone x2  
  36  3:29  Hatchery  
  35  3:35  Drone  
  35  3:36  Overlord x2  
  35  3:39  Metabolic Boost  
  36  3:44  Pneumatized Carapace  
  36  3:58  Drone x9  
  45  4:15  Baneling Nest  
  44  4:20  Evolution Chamber  
  44  4:21  Evolution Chamber  
  44  4:22  Drone x8  
  50  4:26  Extractor  
  50  4:27  Extractor  
  48  4:45  Zergling x16  
  54  4:49  Zerg Ground Armor Level 1  
  56  5:03  Lair  
  56  5:16  Spore Crawler x2  
  56  5:20  Spore Crawler  
  53  5:22  Spore Crawler  
  53  5:23  Spore Crawler  
  53  5:24  Spore Crawler  
  53  5:25  Spore Crawler  
  49  5:39  Queen x2  
  53  5:51  Drone  
  53  5:53  Zergling x2  
  55  6:00  Drone x3  
  58  6:07  Spire  
  58  6:08  Overlord x2  
  58  6:09  Overlord x2  
  57  6:11  Drone  
  57  6:15  Zerg Melee Weapons Level 1  
  58  6:26  Queen  
  60  6:35  Spore Crawler  
  59  6:47  Extractor  
  58  6:55  Drone x8  
  58  6:56  Drone x10  
  76  7:02  Centrifical Hooks  
  76  7:51  Zerg Ground Armor Level 2  
  76  7:54  Zergling x12  
  82  7:58  Overlord  
  82  7:59  Overlord x6  
  82  8:03  Zerg Flyer Armor Level 1  
  82  8:10  Extractor  
  82  8:12  Extractor  
  80  8:14  Spore Crawler  
  80  8:17  Spore Crawler x2  
  77  8:34  Drone  
  77  8:35  Drone x3  
  81  8:48  Zergling x2  
  81  8:49  Zergling x22  
  81  8:52  Overseer  
  81  8:53  Hatchery  
  81  8:55  Zerg Melee Weapons Level 2  
  92  8:57  Overlord x2  
  92  9:08  Infestation Pit  
  91  9:10  Baneling x10  
  91  9:11  Baneling  
  91  9:27  Corruptor x12  
  91  9:30  Zergling x4  
  117  10:23  Drone  
  117  10:24  Drone x7  
  117  10:25  Drone  
  126  10:30  Zergling x20  
  136  10:38  Baneling x7  
  136  10:47  Zergling x18  
  136  10:48  Zergling x2  
  106  11:36  Zergling x18  
  115  11:49  Hive  
  115  11:53  Zerg Flyer Armor Level 2  
  115  12:01  Zergling x2  
  115  12:02  Zergling x4  
  117  12:09  Hatchery  
  98  13:49  Ultralisk Cavern  
  98  13:50  Zerg Melee Weapons Level 3, Zerg Ground Armor Level 3  
  96  14:00  Zergling x2  
  96  14:01  Zergling x48  
  96  14:02  Zergling x26  
  126  14:38  Adrenal Glands  
  126  14:40  Chitinous Plating  
  126  14:44  Ultralisk x3  
  144  14:46  Overlord x14  
  144  15:27  Baneling x8  
  144  15:28  Baneling x26  
  144  15:29  Baneling x24  
  144  15:30  Baneling x15  
  144  15:31  Zergling x30  
  144  15:32  Zergling x20  
  161  15:55  Overseer x3  
  161  16:02  Hatchery  
  155  16:20  Corruptor x5  
  155  16:21  Corruptor x7  
  179  16:31  Drone x2  
  179  16:32  Drone x14  
  195  16:40  Extractor  
  195  16:45  Extractor  
  152  17:43  Ultralisk x7  
  194  17:44  Zergling x2  
  194  17:45  Zergling x6  
  179  18:38  Zergling x18  
  179  18:39  Zergling x24  
  200  18:43  Hatchery  
  199  19:25  Extractor  
  199  19:26  Extractor  
  197  19:51  Baneling x13  
  197  19:52  Baneling x5  
  168  20:28  Overseer x7  
  162  20:51  Corruptor  
  162  20:52  Corruptor x10  
  184  21:26  Greater Spire  
  184  22:20  Zerg Missile Weapons Level 1  
  158  23:03  Brood Lord x3  
  158  23:04  Brood Lord x15  
  178  23:06  Drone x9  
  178  23:08  Corruptor x5  
  175  23:15  Drone x4  
  175  23:16  Overlord  
  175  23:17  Overlord x16  
  167  23:38  Extractor  
  167  23:39  Extractor  
  165  23:42  Corruptor x4  
  165  23:43  Corruptor x4  
  149  24:11  Corruptor x7  
  143  24:31  Zergling x38  
  142  24:32  Zergling x2  
  133  25:04  Ultralisk x3  
  151  25:33  Ultralisk  
  151  25:34  Ultralisk  
  143  26:15  Zergling x18  
  143  26:16  Zergling x50  
  156  26:47  Zergling x28  
  156  26:48  Zergling x8  
Tags
 
Matchup
TvZ
Replay Pack
10.7.19
Spawn Locations
Cross Positions
Add a new tag
Caveats
  • Supply blocks, unpowered buildings, or Contaminate may cause inaccurate times.
  • Supply counts are checked every 10 seconds.